 Dungeon Crawl Stone Soup version 0.31-a0-986-g5e6e4ef867 (webtiles) character file.

Game seed: 1243690272923770080

5026 GoblinPMC the Cleaver (level 10, 0/88 HPs)
             Began as a Minotaur Berserker on Nov 13, 2023.
             Was an Elder of Trog.
             Slain by a spriggan
             ... wielding the +6 spear "Killer Klown's Peril" {vamp, rPois rC++ Int-3 Stlth+}
              (13 damage)
             ... on level 8 of the Dungeon.
             The game lasted 00:45:20 (9690 turns).

GoblinPMC the Cleaver (Minotaur Berserker)          Turns: 9690, Time: 00:45:21

Health: 0/88       AC: 12    Str: 27    XL:     10   Next: 30%
Magic:  9/9        EV: 11    Int:  4    God:    Trog [****..]
Gold:   389        SH:  8    Dex:  9    Spells: 9/9 levels left

rFire   x . .        O - +1 broad axe
rCold   + . .        m - +0 kite shield
rNeg    . . .        P - +1 swamp dragon scales
rPois   +            (helmet restricted)
rElec   .            y - +0 cloak
rCorr   .            (no gloves)
SInv    .            (no boots)
Will    +....        o - amulet of regeneration
Stlth   +            s - ring of ice
HPRegen 1.14/turn    (no ring)
MPRegen 0.11/turn

%: no passive effects
@: on berserk cooldown, enlightened, flying, slowed, very slow
A: horns 2, retaliatory headbutt
a: Renounce Religion, Berserk, Trog's Hand, Brothers in Arms


You were on level 8 of the Dungeon.
You worshipped Trog.
Trog was greatly pleased with you.
You visited 2 branches of the dungeon, and saw 9 of its levels.
You also visited: Sewer.

You collected 454 gold pieces.
You spent 65 gold pieces at shops.

Inventory:

Hand Weapons
 a - a +0 hand axe
 v - the +1 dagger "Deosuala" {spect, Str-3 Dex+4}
   (You took it off a kobold on level 3 of the Dungeon)

   Str-3:     It affects your strength (-3).
   Dex+4:     It affects your dexterity (+4).
 C - a +4 trident
 G - a +0 war axe
 J - a +0 giant club
 O - a +1 broad axe (weapon)
 S - a +2 whip of pain
 V - a +0 halberd
 W - a +0 halberd
 X - a +0 spear
 Y - a +0 short sword
Missiles
 n - 10 poisoned darts (quivered)
 q - 4 darts of dispersal
 M - 2 datura-tipped darts
 T - 2 curare-tipped darts
Armour
 b - a +0 animal skin
 c - a +0 helmet
 e - a +0 chain mail
 l - a +0 ring mail
 m - a +0 kite shield (worn)
 p - a +0 scale mail
 y - a +0 cloak (worn)
 E - a +0 buckler
 L - +0 steam dragon scales
 P - +1 swamp dragon scales (worn)
 U - +1 acid dragon scales
Magical Staves
 A - a staff of earth
Jewellery
 o - an amulet of regeneration (around neck)
 s - a ring of ice (left hand)
 B - an amulet of the acrobat
Talismans
 j - a blade talisman
Scrolls
 d - 2 scrolls of amnesia
 f - 4 scrolls of teleportation
 g - a scroll of immolation
 i - 2 scrolls of revelation
 k - a scroll of silence
 x - 3 scrolls of fog
 D - a scroll of fear {unknown}
 H - a scroll of acquirement
 K - a scroll of blinking
 Q - a scroll of torment
 R - a scroll of noise {unknown}
Potions
 h - 6 potions of curing {unknown}
 t - 2 potions of might {unknown}
 w - a potion of brilliance {unknown}
 z - 2 potions of mutation {unknown}
 F - 2 potions of attraction {unknown}
 I - a potion of magic {unknown}
 N - a potion of berserk rage {unknown}


   Skills:
 + Level 8.2 Fighting
 + Level 11.4(11.8) Axes
 + Level 4.6(8.7) Polearms
 + Level 10.0 Armour
 + Level 4.7 Dodging
 + Level 0.5 Stealth
 + Level 4.4 Shields


You had 9 spell levels left.
You didn't know any spells.
Your spell library contained the following spells:

 Spells                   Type           Power      Damage    Failure   Level
 Magic Dart               Conj           0%         1d3       83%         1
 Call Imp                 Summ           0%         N/A       93%         2
 Wereblood                Tmut           0%         N/A       93%         2
 Mephitic Cloud           Conj/Pois/Air  0%         N/A       99%         3
 Irradiate                Conj/Tmut      0%         3d11      100%        5
 Summon Forest            Summ/Tloc      0%         N/A       100%        5
 Eringya's Noxious Bog    Tmut/Pois      0%         4d6       100%        6
 Summon Hydra             Summ           0%         N/A       100%        7


Dungeon Overview and Level Annotations

Branches:
Dungeon (8/15)             Temple (1/1) D:6           Sewer (visited)
   Lair: D:8-11

Altars:
Ashenzari
Cheibriados
Dithmenos
Elyvilon
Fedhas
Gozag
Hepliaklqana
Kikubaaqudgha
Makhleb
Nemelex Xobeh
Okawaru
Qazlal
Ru
Sif Muna
Trog
Uskayaw
Vehumet
Wu Jian
Xom
Zin
The Shining One

Shops:
D:3 =   D:7 !


Innate Abilities, Weirdness & Mutations

You have a pair of horns on your head.
You reflexively headbutt those who attack you in melee.


Message History

The spriggan hits you with the +6 spear "Killer Klown's Peril" {vamp, rPois rC++ Int-3 Stlth+}!
The spriggan draws strength from your wounds!
You miss the spriggan. Your headbutt misses the spriggan.
The spriggan is lightly wounded.
Your ogre barely misses the spriggan.
You block the spriggan's attack.
Your ogre barely misses the spriggan.
The spriggan hits you with the +6 spear "Killer Klown's Peril" {vamp, rPois rC++ Int-3 Stlth+}!
The spriggan draws strength from your wounds!
Unknown command.
Unknown command.
You barely miss the spriggan. You headbutt the spriggan.
The spriggan is lightly wounded.
Your ogre barely misses the spriggan.
You block the spriggan's attack.
Your ogre barely misses the spriggan.
You hit the spriggan. Your headbutt misses the spriggan.
The spriggan is moderately wounded.
You block the spriggan's attack.
Your ogre barely misses the spriggan.
The spriggan closely misses you.
You feel very buoyant.
You fly up into the air.
Your ogre barely misses the spriggan.
The spriggan hits you with the +6 spear "Killer Klown's Peril" {vamp, rPois rC++ Int-3 Stlth+}.
* * * LOW HITPOINT WARNING * * *
The spriggan draws strength from your wounds!
Your ogre closely misses the spriggan.
The spriggan hits you with the +6 spear "Killer Klown's Peril" {vamp, rPois rC++ Int-3 Stlth+}.
* * * LOW HITPOINT WARNING * * *
You closely miss the spriggan. Your headbutt misses the spriggan.
The spriggan is lightly wounded.
Your ogre closely misses the spriggan.
The spriggan hits you with the +6 spear "Killer Klown's Peril" {vamp, rPois rC++ Int-3 Stlth+}.
* * * LOW HITPOINT WARNING * * *
The spriggan draws strength from your wounds!
Your ogre misses the spriggan.
The spriggan hits you from afar with the +6 spear "Killer Klown's Peril" {vamp, rPois rC++ Int-3 Stlth+}!
* * * LOW HITPOINT WARNING * * *
Your ogre barely misses the spriggan.
The spriggan hits you but does no damage.
Your ogre barely misses the spriggan.
The spriggan hits you with the +6 spear "Killer Klown's Peril" {vamp, rPois rC++ Int-3 Stlth+}!
You die...

.........................#
#######..##.#..###########
# #..####### ## ## ####
♣♣♣ .# .# ♣♣ ..####.### .#
♣♣♣..♣##......#
.######♣....♣#⌠.##.#.#
.'....#♣ ♣..#.....#.#
.######♣..!♣♣').@....#.#.
># ♣ ♣!..#.Oi........
.######♣.P♣.♣#⌠.#..###.##
......#♣ ♣..##.#..# #
..##### ♣♣..###..#
..#########♣♣♣###..#
..........#####..>.#
............#.###..#
..###########.# #..###.#


You could see a spriggan (ally target) and a friendly ogre (summoned, berserk).

Vanquished Creatures
  The ghost of pokeman the Thaumaturge, a novice DEHW of Vehumet (D:8)
  Joseph (D:8)
  Maggie (D:6)
  A hornet (D:8)
  A wyvern (D:7)
  Eustachio (D:6)
  2 steam dragons
  An acid dragon (D:8)
  A water moccasin (D:7)
  2 black bears
  2 ice beasts
  An ogre (D:7)
  2 centaurs
  A phantom (D:5)
  4 bullfrogs
  3 scorpions
  2 kobold brigands (D:8)
  A gnoll sergeant (D:8)
  4 wights (D:6)
  3 killer bees (D:7)
  A howler monkey (D:8)
  An orc priest (D:5)
  4 sleepcaps
  5 hounds
  3 jellies
  A gnoll bouda (D:8)
  2 iguanas
  5 orc wizards
  10 adders
  12 gnolls
  3 white imps
  4 ufetubi
  5 worms
  3 dart slugs
  22 orcs
  13 ball pythons
  6 bats
  10 endoplasms
  10 giant cockroaches
  4 goblins
  6 hobgoblins
  4 jackals
  8 quokkas
  9 frilled lizards
  14 kobolds
  6 rats
206 creatures vanquished.

Vanquished Creatures (collateral kills)
  A spriggan (D:8)
  A wolf (D:8)
  A howler monkey (D:8)
  An orc priest (D:8)
  An orc wizard (D:8)
  A gnoll (D:8)
  4 orcs
  2 kobolds (D:8)
12 creatures vanquished.

Grand Total: 218 creatures vanquished

Notes
Turn   | Place    | Note
-------+----------+-------------------------------------------
     0 | D:1      | GoblinPMC the Minotaur Berserker began the quest for the
                  | Orb.
     0 | D:1      | Reached XP level 1. HP: 19/19 MP: 0/0
   103 | D:1      | Found a faded altar of an unknown god.
   344 | D:1      | Reached XP level 2. HP: 27/27 MP: 1/1
   396 | D:1      | Reached skill level 4 in Axes
   495 | D:1      | Reached XP level 3. HP: 29/33 MP: 2/2
  1093 | D:2      | Reached ** piety under Trog
  1455 | D:2      | Reached XP level 4. HP: 41/41 MP: 3/3
  2267 | D:3      | Found a shadowy altar of Dithmenos.
  2275 | D:3      | Reached skill level 5 in Axes
  2277 | D:3      | Found Xatzivve's Jewellery Shop.
  2368 | D:3      | Identified the +1 dagger "Deosuala" {spect, Str-3 Dex+4}
  3184 | D:4      | Reached XP level 5. HP: 32/47 MP: 4/4
  3410 | D:4      | Noticed an ice beast
  3422 | D:4      | Killed an ice beast
  3423 | D:4      | Reached skill level 5 in Fighting
  3512 | D:4      | Reached skill level 6 in Axes
  3569 | D:4      | Reached XP level 6. HP: 56/56 MP: 5/5
  3608 | D:4      | Reached *** piety under Trog
  3902 | D:4      | Reached skill level 5 in Armour
  4259 | D:5      | Entered Level 5 of the Dungeon
  4262 | D:5      | Reached skill level 1 in Polearms
  4262 | D:5      | Reached XP level 7. HP: 61/61 MP: 6/6
  5007 | D:5      | Reached **** piety under Trog
  5708 | D:6      | Found a glowing drain.
  5769 | Sewer    | Entered a sewer
  6221 | Sewer    | Reached skill level 7 in Axes
  6221 | Sewer    | Reached XP level 8. HP: 69/70 MP: 7/7
  6282 | D:6      | Reached skill level 1 in Shields
  6393 | D:6      | Reached skill level 8 in Axes
  6639 | D:6      | Noticed Maggie
  6661 | D:6      | Killed Maggie
  6662 | D:6      | Reached XP level 9. HP: 32/79 MP: 8/8
  6723 | D:6      | Noticed Eustachio
  6738 | D:6      | Killed Eustachio
  6850 | D:6      | Found a shimmering altar of Xom.
  6911 | D:6      | Identified a scroll of acquirement
  7376 | D:6      | Found a staircase to the Ecumenical Temple.
  7385 | Temple   | Entered the Ecumenical Temple
  7605 | D:7      | Reached skill level 9 in Axes
  7668 | D:7      | Found an iron altar of Okawaru.
  8101 | D:7      | Found Ruutiedy's Distillery.
  8115 | D:7      | Bought a potion of heal wounds for 65 gold pieces
  8124 | D:7      | Found a shimmering blue altar of Sif Muna.
  8124 | D:7      | Found a broken altar of Ashenzari.
  8419 | D:7      | Reached skill level 10 in Axes
  8652 | D:8      | Noticed Joseph
  8667 | D:8      | Killed Joseph
  8925 | D:8      | Reached XP level 10. HP: 70/88 MP: 9/9
  9299 | D:8      | Reached skill level 11 in Axes
  9651 | D:8      | Found a runed translucent door.
  9651 | D:8      | Noticed pokeman's ghost (novice DEHW)
  9651 | D:8      | Identified the +6 spear "Killer Klown's Peril" {vamp, rPois
                  | rC++ Int-3 Stlth+}
  9669 | D:8      | Killed pokeman's ghost
  9670 | D:8      | Reached skill level 10 in Armour
  9690 | D:8      | Slain by a spriggan

Illustrated notes

Levels and vault maps discovered:
D:1:      eino_arrival_cavern_a, layout_basic, shapermc_ecumenical_altar_gd
D:2:      layout_loops_ring, serial_forest, infiniplex_forest_lined_3,
          infiniplex_forest_clump_large, infiniplex_forest_clump_large,
          infiniplex_forest_straight_4, infiniplex_forest_lined_room_2,
          infiniplex_forest_lined_ring
D:3:      layout_rooms, nicolae_dithmenos_shadow_blocks, serial_shops,
          nicolae_square_shop, serial_park_tiny_pond
D:4:      wad_river_or_something, layout_basic, corexii_hall_statues_deadend
D:5:      layout_loops_ring
D:6:      layout_layer_cave, lemuel_doored_altar, lemuel_temple_firewalk_b,
          cheibrodos_sewer_entry_drain, uniq_eustachio, uniq_maggie
D:7:      layout_gridville, okawaru_trees_2, minitemple, serial_shops, shop
D:8:      layout_basic, ebering_ghost_funeral_grove, hangedman_decor_lopped,
          uniq_joseph
Temple:   nicolae_temple_bog_church

Skill      XL: |  1  2  3  4  5  6  7  8  9 10 |
---------------+-------------------------------+-----
Fighting       | 4 5 6 7 8 |  8.2
Axes           | 4 5 6 7 8 10 11 | 11.4
Armour         | 3 4 5 8 9 10 | 10.0
Dodging        | 3 4 |  4.7
Polearms       | 1 4 |  4.6
Shields        | 2 3 4 |  4.4
Stealth        | |  0.5

Action                     |  1- 3 |  4- 6 |  7- 9 | 10-12 || total
---------------------------+-------+-------+-------+-------++-------
  Melee: Hand axe          |    79 |   209 |       |       ||   288
         Headbutt          |    16 |    63 |    46 |     4 ||   129
         Punch             |     2 |     2 |       |       ||     4
         Trident           |       |    41 |    44 |       ||    85
         War axe           |       |       |   159 |       ||   159
         Broad axe         |       |       |    97 |    35 ||   132
 Invoke: Berserk           |       |       |     3 |     1 ||     4
         Brothers in Arms  |       |       |     3 |     1 ||     4
    Use: Scroll            |       |     4 |     8 |     3 ||    15
         Potion            |       |       |     1 |     4 ||     5
 Armour: Chain mail        |    47 |   128 |   398 |    17 ||   590
         Swamp dragon scal |       |       |       |    51 ||    51
  Dodge: Dodged            |    37 |    88 |   200 |    37 ||   362
  Block: Buckler           |       |       |    73 |    10 ||    83
         Kite shield       |       |       |       |    24 ||    24

Table legend: (Time is in decaauts)
 A = Elapsed time spent in this place.
 B = Non-inter-level travel time spent in this place.
 C = Inter-level travel time spent in this place.
 D = Time resting spent in this place.
 E = Time spent auto-exploring this place.
 F = Levels seen in this place.
 G = Mean time per level.
                   A        B        C        D        E       F      G
               +--------+--------+--------+--------+--------+-----+--------+
         Total |   9920 |   9500 |    420 |      0 |   1688 |  10 |  992.0 |
       Dungeon |   9300 |   8880 |    420 |      0 |   1688 |   8 | 1162.5 |
        Temple |      5 |      5 |      0 |      0 |      0 |   1 |    5.0 |
         Sewer |    614 |    614 |      0 |      0 |      0 |   1 |  614.0 |
               +--------+--------+--------+--------+--------+-----+--------+

Top non-repeatable levels by time:
     D:6: 1632 daAuts
     D:5: 1230 daAuts
     D:2: 1224 daAuts
     D:4: 1131 daAuts
     D:8: 1086 daAuts
     D:7: 1070 daAuts
     D:1: 1048 daAuts
     D:3: 878 daAuts
   Sewer: 614 daAuts
  Temple: 5 daAuts
